 Dungeon Sprint DCSS version 0.28-a0-863-g8cecda6153 (webtiles) character file.

Game seed: 1570578960311866897

1169 Turgor the Spear-Bearer (level 8, -10/81 HPs)
             Began as a Minotaur Berserker on Nov 17, 2021.
             Was an Elder of Trog.
             Mangled by a skeletal warrior (18 damage)
             ... in the Dungeon (Sprint IX: "|||||||||||||||||||||||||||||").
             The game lasted 00:05:11 (538 turns).

Turgor the Spear-Bearer (Minotaur Berserker)         Turns: 538, Time: 00:05:11

Health: -10/81     AC: 13    Str: 30    XL:     8   Next: 17%
Magic:  7/7        EV: 12    Int:  4    God:    Trog [****..]
Gold:   0          SH:  0    Dex: 10    Spells: 7/7 levels left

rFire   . . .      SeeInvis .   k - +2 halberd (protect)
rCold   . . .      Faith    .   (shield currently unavailable)
rNeg    . . .      Spirit   .   l - +1 chain mail
rPois   .          Reflect  .   (helmet restricted)
rElec   .          Harm     .   a - +0 cloak
rCorr   .          Rampage  .   (no gloves)
Will    ++...      NoTele   +   (no boots)
Stlth   ..........              (no amulet)
HPRegen 1.23/turn               m - +3 ring of strength
MPRegen 0.10/turn               n - +3 ring of strength

@: strong-willed, on berserk cooldown, regenerating, slowed, very slow
A: horns 2, retaliatory headbutt
a: Renounce Religion, Berserk, Trog's Hand, Brothers in Arms


You were in the Dungeon.
You worshipped Trog.
Trog was greatly pleased with you.
You visited 1 branch

Inventory:

Hand Weapons
 k - a +2 halberd of protection (weapon)
Armour
 a - a +0 cloak (worn)
 l - a +1 chain mail (worn)
Jewellery
 m - a +3 ring of strength (left hand)
 n - a +3 ring of strength (right hand)
Wands
 j - a wand of iceblast (10) (quivered)
Scrolls
 h - 2 scrolls of blinking
Potions
 c - 5 potions of curing
 d - 3 potions of heal wounds
 e - a potion of haste
 f - 4 potions of magic
 g - a potion of berserk rage
 i - a potion of invisibility


   Skills:
 + Level 10.6 Fighting
 * Level 14.5 Polearms
 + Level 9.2 Armour
 + Level 8.9 Dodging


You had 7 spell levels left.
You didn't know any spells.
Your spell library was empty.

Dungeon Overview and Level Annotations

Branches:
Dungeon (1/1)

Altars:
Cheibriados
Dithmenos
Elyvilon
Fedhas
Gozag
Hepliaklqana
Kikubaaqudgha
Makhleb
Nemelex Xobeh
Okawaru
Qazlal
Ru
Sif Muna
Trog
Uskayaw
Vehumet
Wu Jian
Xom
Yredelemnul
Zin
The Shining One
Beogh
Jiyva
Lugonu


Innate Abilities, Weirdness & Mutations

You have a pair of horns on your head.
You reflexively headbutt those who attack you in melee.


Message History

The skeletal warrior hits you from afar with a +0 vorpal trident!
* * * LOW HITPOINT WARNING * * *
x2 Reach: k) +2 halberd (protect)
Press: ? - help, Dir - move target, f/p - skeletal warrior
Aim: a skeletal warrior, wielding a +0 vorpal trident (heavily damaged, about 34% to evade your +2 halberd of protection)
You reach to attack!
You hit the skeletal warrior.
The skeletal warrior is severely damaged.
You are no longer berserk.
You are exhausted.
You feel yourself slow down.
You close the door.
A skeletal warrior opens the door.
The skeletal warrior hits you but does no damage.
As you close the door, it creaks loudly!
You feel the effects of Trog's Hand fading.
A skeletal warrior breaks down the door.
Your ogre goes berserk!
Trog will no longer gift you weapons.
The skeletal warrior hits you from afar with a +0 vorpal trident.
* * * LOW HITPOINT WARNING * * *
x2 The skeletal warrior hits you but does no damage.
Your ogre rages.
You swap places.
Your skin stops crawling.
You feel less strong-willed.
The skeletal warrior hits your ogre with a +0 vorpal trident!
Your ogre closely misses the skeletal warrior.
The skeletal warrior hits your ogre with a +0 vorpal trident!!
Your ogre closely misses the skeletal warrior.
The skeletal warrior hits your ogre with a +0 vorpal trident!!
Your ogre dies!
Your ogre's corpse disappears in a puff of smoke!
Your skin crawls.
You feel strong-willed.
You fail to use your ability.
The skeletal warrior hits you from afar with a +0 vorpal trident!
* * * LOW HITPOINT WARNING * * *
x2 Unknown command.
You fail to use your ability.
The skeletal warrior closely misses you.
The skeletal warrior hits you from afar with a +0 vorpal trident!!
You die...

▓.▓
▓.▓
▓.▓
▓c▓
▓u▓
▓O▓
▓z▓
▓.▓
▓@▓
▓.▓
▓)▓
▓)▓
▓[▓
▓.▓
▓.▓
▓[▓
▓.▓


You could see a green ugly thing, a skeletal warrior, a centaur warrior and a
two-headed ogre.

Vanquished Creatures
  A centaur warrior (D)
  A yak (D)
  A shadow (D)
  An orc warrior (D)
  A centaur (D)
  A killer bee (D)
  A gnoll shaman (D)
  A gnoll (D)
  An adder (D)
  An ufetubus (D)
  A dart slug (D)
  An orc (D)
  A giant cockroach (D)
  2 goblins (D)
  A ball python zombie (D)
  A bat (D)
  A quokka zombie (D)
18 creatures vanquished.

Notes
Turn   | Place    | Note
-------+----------+-------------------------------------------
     0 | D        | Turgor the Minotaur Berserker began the quest for the Orb.
     0 | D        | Reached XP level 1. HP: 19/19 MP: 0/0
     8 | D        | Reached skill level 4 in Polearms
    11 | D        | Reached ** piety under Trog
    95 | D        | Reached skill level 5 in Polearms
    95 | D        | Reached XP level 2. HP: 18/28 MP: 1/1
   103 | D        | HP: 1/42 [ufetubus (2)]
   104 | D        | Reached *** piety under Trog
   110 | D        | Reached skill level 5 in Fighting
   110 | D        | Reached skill level 6 in Polearms
   110 | D        | Reached XP level 3. HP: 3/36 MP: 2/2
   383 | D        | Found a snail-covered altar of Cheibriados.
   383 | D        | Found a shadowy altar of Dithmenos.
   383 | D        | Found a white marble altar of Elyvilon.
   383 | D        | Found a blossoming altar of Fedhas.
   383 | D        | Found an opulent altar of Gozag.
   384 | D        | Found a hazy altar of Hepliaklqana.
   385 | D        | Found a viscous altar of Jiyva.
   386 | D        | Found an ancient bone altar of Kikubaaqudgha.
   387 | D        | Found a corrupted altar of Lugonu.
   388 | D        | Found a burning altar of Makhleb.
   389 | D        | Found a sparkling altar of Nemelex Xobeh.
   390 | D        | Found an iron altar of Okawaru.
   391 | D        | Found a stormy altar of Qazlal.
   392 | D        | Found a sacrificial altar of Ru.
   393 | D        | Found a shimmering blue altar of Sif Muna.
   394 | D        | Found a bloodstained altar of Trog.
   395 | D        | Found a hide-covered altar of Uskayaw.
   396 | D        | Found a radiant altar of Vehumet.
   397 | D        | Found an ornate altar of the Wu Jian Council.
   398 | D        | Found a shimmering altar of Xom.
   399 | D        | Found a basalt altar of Yredelemnul.
   400 | D        | Found a glowing silver altar of Zin.
   401 | D        | Found a glowing golden altar of the Shining One.
   448 | D        | Noticed an orc warrior
   448 | D        | Noticed a yak
   448 | D        | Noticed a killer bee
   448 | D        | Noticed a centaur
   452 | D        | Reached **** piety under Trog
   454 | D        | Killed a centaur
   455 | D        | Reached skill level 8 in Polearms
   455 | D        | Reached skill level 5 in Armour
   455 | D        | Reached skill level 5 in Dodging
   455 | D        | Reached XP level 4. HP: 35/45 MP: 3/3
   455 | D        | Reached XP level 5. HP: 40/51 MP: 4/4
   462 | D        | Reached skill level 9 in Polearms
   464 | D        | Killed a yak
   465 | D        | Reached skill level 11 in Polearms
   465 | D        | Reached XP level 6. HP: 61/61 MP: 5/5
   466 | D        | Killed an orc warrior
   467 | D        | Reached skill level 12 in Polearms
   510 | D        | Noticed a centaur warrior
   510 | D        | Noticed a green ugly thing
   510 | D        | Noticed a two-headed ogre
   510 | D        | Noticed a skeletal warrior
   510 | D        | Noticed a centaur warrior
   510 | D        | Noticed a shadow
   518 | D        | Killed a shadow
   519 | D        | Reached XP level 7. HP: 70/70 MP: 6/6
   524 | D        | Killed a centaur warrior
   524 | D        | Reached ***** piety under Trog
   525 | D        | Reached skill level 10 in Fighting
   525 | D        | Reached skill level 14 in Polearms
   525 | D        | Reached XP level 8. HP: 42/81 MP: 7/7
   538 | D        | Mangled by a skeletal warrior

Illustrated notes

Levels and vault maps discovered:
D:        linesprint [early_d, line_temple, items_1, d_10, items_2, lair_1,
          lair_end, items_3, orc_1, orc_end, items_4, d_15, swamp_1, shoals_1,
          snake_1, spider_1, d_20, vaults_1, items_5, swamp_end, shoals_end,
          snake_end, spider_end, vaults_end, d_27, items_6, zot_1, zot_end,
          crypt_end, forest_end, elf_end, slime_end, tomb_end, abyss_end,
          pan_hell_end]

Skill      XL: |  1  2  3  4  5  6  7 |
---------------+----------------------+-----
Polearms       | 5 6 8 11 12 14 | 14.5
Fighting       | 4 5 6 8 9 10 | 10.6
Armour         | 3 4 5 7 9 |  9.2
Dodging        | 3 5 7 8 |  8.9

Action                   |  1- 3 |  4- 6 |  7- 9 || total
-------------------------+-------+-------+-------++-------
Melee: Spear             |    33 |       |       ||    33
       Headbutt          |     4 |     1 |       ||     5
       Halberd           |     5 |    17 |    11 ||    33
Invok: Berserk           |     1 |     2 |       ||     3
       Trog's Hand       |       |     2 |     1 ||     3
       Brothers in Arms  |       |       |     1 ||     1
Armor: Animal skin       |     8 |       |       ||     8
       Chain mail        |     2 |     6 |     3 ||    11
Dodge: Dodged            |    18 |     8 |     2 ||    28

Table legend: (Time is in decaauts)
 A = Elapsed time spent in this place.
 B = Non-inter-level travel time spent in this place.
 C = Inter-level travel time spent in this place.
 D = Time resting spent in this place.
 E = Time spent auto-exploring this place.
 F = Levels seen in this place.
 G = Mean time per level.
                   A        B        C        D        E       F      G
               +--------+--------+--------+--------+--------+-----+--------+
         Total |    550 |    550 |      0 |    385 |      0 |   1 |  550.0 |
       Dungeon |    550 |    550 |      0 |    385 |      0 |   1 |  550.0 |
               +--------+--------+--------+--------+--------+-----+--------+

Top non-repeatable levels by time:
       D: 550 daAuts
